 Dungeon Crawl Stone Soup version 0.28-a0-1128-gb845255321 (webtiles) character file.

Game seed: 13747744079065185283

150941 sdkvhb the Unseen (level 17, 0/83 (87) HPs)
             Began as a Spriggan Enchanter on Dec 12, 2021.
             Was the Champion of Dithmenos.
             Slain by a bunyip (30 damage)
             ... on level 1 of the Swamp.
             The game lasted 01:18:53 (32237 turns).

sdkvhb the Unseen (Spriggan Enchanter)             Turns: 32237, Time: 01:18:53

HP:   0/83 (87)     AC: 15    Str: 16    XL:     17   Next: 0%
MP:   29/38         EV: 31    Int: 28    God:    Dithmenos [******]
Gold: 226           SH:  0    Dex: 18    Spells: 18/48 levels left

rFire   . . .      SeeInvis +   e - +9 rapier "Datiq" {vorpal, Fragile rElec Will- Int+10}
rCold   . . .      Faith    .   (shield restricted)
rNeg    . . .      Spirit   .   E - +3 troll leather armour {Snorg}
rPois   +          Reflect  .   m - +2 hat
rElec   +          Harm     .   F - +2 cloak {rPois}
rCorr   .          Rampage  .   (gloves unavailable)
Will    +....                   (boots unavailable) Stlth ******++++
                                (no amulet)
HPRegen 1.03/turn               o - +4 ring of evasion
MPRegen 0.26/turn               A - +6 ring of strength

@: slowed, wreathed by umbra, lightly drained, quick
A: very small, no large weapons, unfitting armour, see invisible, speed 3,
hooves 1, iridescent scales 1, thin skeletal structure 1, MP-powered wands
a: Renounce Religion, Shadow Step, Shadow Form


You were on level 1 of the Swamp.
You worshipped Dithmenos.
Dithmenos was exalted by your worship.
You visited 6 branches of the dungeon, and saw 29 of its levels.
You also visited: Sewer.

You collected 2944 gold pieces.
You spent 2718 gold pieces at shops.

Inventory:

Hand Weapons
 a - a +1 vampiric dagger
 e - the +9 rapier "Datiq" (weapon) {vorpal, Fragile rElec Will- Int+10}
   (You acquired it on level 2 of the Dungeon)

   It inflicts extra damage upon your enemies.
   Int:       It affects your intelligence (+10).
   rElec:     It insulates you from electricity.
   Fragile:   It will be destroyed if unequipped.
   Will:      It decreases your willpower.
 h - a +4 dagger of speed
Missiles
 c - 5 curare-tipped darts
 w - 54 poisoned darts (quivered)
 M - a throwing net
Armour
 m - a +2 hat (worn)
 t - a +2 robe of cold resistance
 E - a +3 troll leather armour (worn) {Snorg}
 F - a +2 cloak of poison resistance (worn)
Jewellery
 b - a ring of resist corrosion
 j - a ring of protection from cold
 k - a ring of poison resistance
 o - a +4 ring of evasion (left hand)
 A - a +6 ring of strength (right hand)
 D - a +6 ring of strength
 Q - a ring of protection from fire
Wands
 r - a wand of flame (96)
 s - a wand of iceblast (12)
 z - a wand of acid (6)
 I - a wand of polymorph (5)
 O - a wand of paralysis (8)
Scrolls
 f - 3 scrolls of magic mapping
 n - 7 scrolls of identify
 p - 9 scrolls of teleportation
 u - 2 scrolls of brand weapon
 v - 5 scrolls of enchant weapon
 y - 3 scrolls of fog
 N - 3 scrolls of blinking
 P - a scroll of fear
Potions
 d - 2 potions of resistance
 g - 10 potions of haste
 i - 3 potions of might
 l - 3 potions of magic
 q - 6 potions of brilliance
 x - 3 potions of ambrosia
 B - 6 potions of flight
 C - 2 potions of lignification
 G - 2 potions of attraction
 H - 2 potions of heal wounds
 K - 11 potions of curing
 L - 2 potions of invisibility
 S - a potion of cancellation
Miscellaneous
 J - a tin of tremorstones (1/2)
 R - a condenser vane (inert)


   Skills:
 + Level 9.0 Fighting
 + Level 11.7 Short Blades
 - Level 8.0 Armour
 + Level 14.0 Dodging
 + Level 19.7 Stealth
 + Level 16.0 Spellcasting
 + Level 16.1 Hexes
 - Level 6.0 Summonings


You had 18 spell levels left.
You knew the following spells:

 Your Spells              Type           Power      Damage    Failure   Level
a - Ensorcelled Hibernat  Hex/Ice        100%       N/A       1%          2
b - Tukima's Dance        Hex            85%        N/A       0%          3
c - Dazzling Flash        Conj/Hex       100%       N/A       1%          3
d - Summon Mana Viper     Hex/Summ       71%        N/A       1%          5
e - Discord               Hex            42%        N/A       22%         8
f - Passwall              Tmut/Erth      18%        N/A       3%          2
g - Blink                 Tloc           44%        N/A       3%          2
h - Summon Forest         Summ/Tloc      19%        N/A       21%         5

Your spell library contained the following spells:

 Spells                   Type           Power      Damage    Failure   Level
 Confusing Touch          Hex            85%        N/A       0%          3
 Freeze                   Ice            88%        1d10      2%          1
 Sandblast                Erth           44%        2d11      2%          1
 Shock                    Conj/Air       88%        1d8       2%          1
 Static Discharge         Conj/Air       22%        N/A       3%          2
 Frozen Ramparts          Ice            44%        1d6       8%          3
 Gell's Gravitas          Tloc           22%        N/A       8%          3
 Lesser Beckoning         Tloc           22%        N/A       8%          3
 Spider Form              Tmut/Pois      22%        N/A       8%          3
 Stone Arrow              Conj/Erth      44%        3d9       8%          3
 Swiftness                Air            22%        N/A       8%          3
 Teleport Other           Tloc           22%        N/A       8%          3
 Airstrike                Air            11%        N/A       26%         4
 Dispel Undead            Necr           22%        3d12      26%         4
 Hailstorm                Conj/Ice       22%        3d7       26%         4
 Ice Form                 Ice/Tmut       22%        N/A       26%         4
 Petrify                  Tmut/Erth      22%        N/A       26%         4
 Sticky Flame             Conj/Fire      22%        2d4       26%         4
 Summon Cactus Giant      Summ           27%        N/A       32%         6
 Manifold Assault         Tloc           22%        N/A       56%         5
 Conjure Ball Lightning   Conj/Air       11%        3x3d6     98%         6
 Dispersal                Tloc           11%        N/A       98%         6
 Disjunction              Tloc           11%        N/A       100%        8
 Shatter                  Erth           11%        3d12*     100%        9


Dungeon Overview and Level Annotations

Branches:
Dungeon (15/15)            Temple (1/1) D:7            Lair (6/6) D:11
  Swamp (1/4) Lair:3        Snake (4/4) Lair:4        Slime (0/5) Lair:6
    Orc (2/2) D:9             Elf (0/3) Orc:2        Vaults (0/5) D:14
 Depths (0/4) D:15          Sewer (visited)

Altars:
Ashenzari
Cheibriados
Dithmenos
Elyvilon
Hepliaklqana
Makhleb
Nemelex Xobeh
Okawaru
Qazlal
Sif Muna
Trog
Wu Jian
Xom
Jiyva

Shops:
D:7 [([*   D:8 *(   D:11 ((   D:15 *(*!   Orc:2 [(:*=   Snake:1 =!(***?!

Annotations:
D:9 3 runed translucent doors, GenialerGandalf's ghost, novice HOFi
D:11 1 transporter
Lair:1 2 runed translucent doors, tape's ghost, journeyman VSWr
Swamp:1 Donald


Innate Abilities, Weirdness & Mutations

You are very small and have problems with some larger weapons.
You are too small for most types of armour.
You have supernaturally acute eyesight. (SInv)
You cover ground extremely quickly. (Speed+++)
You have large cloven feet.
You are partially covered in iridescent scales. (AC +2)
You have a somewhat thin skeletal structure. (Dex +2, Stealth+)
You expend magic power (3 MP) to strengthen your wands.


Message History

Press: ? - help, Shift-Dir - straight line, f/p - bunyip
Aim: a bunyip (noxious fumes, umbra, chance to affect: 37%)
The bunyip easily resists.
Your shadow mimicks your spell!
The bunyip resists with almost no effort.
The goliath frog is engulfed in noxious fumes.
The bunyip barely misses you. The bunyip misses you.
The bunyip completely misses you. The bog body completely misses you.
The goliath frog is engulfed in noxious fumes.
The goliath frog completely misses you.
Donald is engulfed in noxious fumes.
Donald appears confused.
You hit the goliath frog.
The goliath frog is lightly wounded.
The bog body barely misses you.
You hit the goliath frog. You kick the goliath frog.
The goliath frog is moderately wounded.
Your shadow hits the goliath frog but does no damage.
The goliath frog is engulfed in noxious fumes.
The goliath frog closely misses you.
Donald is engulfed in noxious fumes.
Donald appears confused.
Your +2 broad axe of draining hits Donald!!
Your +2 broad axe of draining drains Donald.
You puncture the goliath frog! Your kick misses the goliath frog.
The goliath frog is severely wounded.
Your shadow barely misses the goliath frog.
The bog body barely misses you.
The goliath frog is engulfed in noxious fumes.
The goliath frog appears confused.
The goliath frog barely misses the bunyip.
Donald is engulfed in noxious fumes.
Donald misses your +2 broad axe of draining.
Unknown command.
You strike the helpless goliath frog from behind!
You perforate the goliath frog like a sieve!!!
You kill the goliath frog!
Dithmenos accepts your kill. The bog body casts a spell at you.
You feel yourself slow down. The bunyip claws you. The bunyip claws you!!
You emit a cloud of dark smoke.
The bunyip claws you!!
You die...

♣♣♣♣≈....♣....§.♣≈..≈≈≈§≈≈≈w@≈.
♣♣.♣♣...♣♣♣♣...♣§♣≈..≈≈≈≈≈≈≈§≈≈.
♣..♣.≈..≈♣ ♣.≈.≈♣♣§≈≈≈≈≈≈≈≈≈..≈.
♣.≈.≈.≈♣♣♣♣♣♣♣♣♣♣≈≈≈≈..§..≈≈...♣
♣.≈..♣♣♣♣♣♣...♣♣>§§≈≈≈≈.......♣
♣..††.≈≈≈≈.≈≈♣ ♣.≈≈≈≈≈.≈♣.....♣
♣.........≈..♣♣♣.≈§§☼...≈♣≈.♣≈♣
♣.........≈.♣♣§♣n§§≈§....♣♣♣♣
♣....♣........§@○@(§○.♣♣♣
♣♣.........§..§§x§§☼≈≈♣
♣...≈..≈.≈..♣§≈§§§≈≈.♣♣
♣♣≈.≈...≈≈≈≈≈.≈..♣♣..<.♣
♣.≈§..≈≈..≈≈.≈.♣♣♣...≈.♣
♣♣.≈)...≈...≈..♣ ♣♣....♣
♣.)§.≈.....≈.≈.♣♣ ♣♣≈.≈♣
♣.....♣≈.....(..♣ ♣♣♣♣♣
♣..≈.≈≈...≈≈...♣♣


You could see Donald (confused, corroded, drained, ally target), a bunyip, a bog
body and a friendly +2 broad axe of draining.

Vanquished Creatures
  Jorgrun (Swamp:1)
  Mlioglotl (Snake:3)
  Frances (D:12)
  A nagaraja (Snake:3)
  2 orc warlords
  Nessos (D:14)
  A dire elephant (D:15)
  Snorg (D:12)
  4 fire dragons
  An ice dragon (Lair:3)
  5 naga warriors
  5 vault guards (D:14)
  8 hydras
  Fannar (D:12)
  Erica (Lair:2)
  An ogre mage (D:15)
  2 boulder beetles
  6 anacondas
  17 death yaks
  2 alligators (Lair:3)
  5 centaur warriors
  2 tengu warriors
  3 two-headed ogres
  Urug (Lair:4)
  A naga sharpshooter (Snake:2)
  6 shock serpents (Snake:3)
  Sonja (Lair:2)
  3 orc high priests
  2 salamander mystics
  3 goliath frogs
  2 sea snakes (Snake:1)
  3 naga ritualists
  2 swamp dragons
  3 orc knights
  3 mana vipers
  A harpy (shapeshifter) (D:14)
  A wolf spider (D:15)
  2 cyclopes
  2 deep elf pyromancers
  A faun (Lair:4)
  11 salamanders
  3 oklob plants
  3 orc sorcerers
  14 ugly things
  2 manticores (D:15)
  A salamander (shapeshifter) (D:10)
  Joseph (D:8)
  3 elephants (Lair:2)
  27 black mambas
  Maurice (D:11)
  10 naga magi
  A torpor snail (Lair:2)
  3 gargoyles
  13 cane toads
  An unseen horror (D:11)
  3 yaktaurs (D:15)
  A tengu conjurer (D:13)
  2 kobold demonologists
  2 rime drakes (Lair:6)
  7 komodo dragons
  An efreet (D:13)
  3 tyrant leeches
  12 trolls
  11 blink frogs
  4 dream sheep (Lair:6)
  3 dancing weapons
  2 water elementals (D:14)
  3 shadows
  49 yaks
  A vampire (D:11)
  A wyvern (D:8)
  8 basilisks
  6 wraiths
  3 steam dragons (Lair:6)
  4 vampire mosquitoes (D:10)
  4 swamp worms
  17 nagas
  3 wargs
  3 acid dragons
  20 water moccasins
  A swamp drake (Swamp:1)
  28 orc warriors
  A sky beast (D:7)
  A necrophage (D:5)
  5 boggarts (D:14)
  2 ice beasts
  12 ogres
  47 wolves
  12 centaurs
  2 phantoms (D:5)
  3 kobold brigands
  7 bullfrogs
  A gnoll sergeant (Orc:1)
  3 scorpions
  2 wyvern skeletons
  6 killer bees
  2 wights (D:8)
  4 electric eels
  5 howler monkeys
  A bullfrog zombie (D:6)
  3 centaur zombies
  A lava snake (D:13)
  2 jellies
  A hound (D:5)
  21 orc priests
  A bullfrog skeleton (D:6)
  A centaur skeleton (D:6)
  3 iguanas
  2 scorpion zombies (D:5)
  17 orc wizards
  A killer bee zombie (D:6)
  3 howler monkey zombies
  4 gnolls (Orc:1)
  5 adders
  4 shadow imps
  5 dart slugs
  65 orcs
  11 ball pythons
  9 bats
  2 endoplasms (D:2)
  4 giant cockroaches
  10 goblins
  4 hobgoblins
  2 quokkas (D:1)
  7 frilled lizards
  18 kobolds
  5 rats
732 creatures vanquished.

Vanquished Creatures (collateral kills)
  Gastronok (Lair:2)
  Kirke (D:15)
  3 vault guards (D:14)
  2 two-headed ogres
  A death yak (Lair:3)
  2 tengu warriors (D:15)
  A wizard (D:15)
  A naga ritualist (Snake:3)
  A mana viper (Snake:3)
  An oklob plant (Lair:6)
  An orc sorcerer (Orc:2)
  2 salamanders
  5 black mambas
  A guardian serpent (Snake:3)
  A komodo dragon (Lair:4)
  A troll (Orc:2)
  3 blink frogs (Lair:6)
  A dream sheep (Lair:6)
  14 yaks
  6 nagas
  3 water moccasins
  7 orc warriors
  2 ogres (Orc:2)
  5 wolves
  Blork the orc (D:5)
  A wight (D:8)
  2 orc priests (Orc:1)
  An orc wizard (Orc:1)
  5 orcs
  A kobold (D:9)
77 creatures vanquished.

Vanquished Creatures (others)
  14 dancing weapons
  46 fungi
  46 plants
  2 starspawn tentacles (Snake:3)
108 creatures vanquished.

Grand Total: 917 creatures vanquished

Notes
Turn   | Place    | Note
-------+----------+-------------------------------------------
     0 | D:1      | sdkvhb the Spriggan Enchanter began the quest for the Orb.
     0 | D:1      | Reached XP level 1. HP: 9/9 MP: 5/5
   311 | D:1      | Reached XP level 2. HP: 11/13 MP: 7/7
   315 | D:1      | Learned a level 2 spell: Ensorcelled Hibernation
  1173 | D:2      | Identified a scroll of acquirement
  1173 | D:2      | Acquired the +9 rapier "Datiq" {vorpal, Fragile rElec Will-
                  | Int+10}
  1220 | D:2      | Reached XP level 3. HP: 16/16 MP: 9/9
  1224 | D:2      | Learned a level 3 spell: Tukima's Dance
  1228 | D:2      | Learned a level 3 spell: Dazzling Flash
  1474 | D:2      | Found a faded altar of an unknown god.
  2395 | D:2      | Reached XP level 4. HP: 21/21 MP: 11/11
  2575 | D:3      | Reached skill level 5 in Hexes
  2648 | D:3      | Found a shadowy altar of Dithmenos.
  2658 | D:3      | Became a worshipper of Dithmenos the Shadowed
  2758 | D:3      | Noticed an ogre
  2784 | D:3      | Killed an ogre
  2785 | D:3      | Reached skill level 5 in Spellcasting
  2785 | D:3      | Reached XP level 5. HP: 7/24 MP: 6/13
  2828 | D:3      | Found a glowing drain.
  2845 | Sewer    | Entered a sewer
  2875 | Sewer    | Noticed a water moccasin
  2884 | Sewer    | Killed a water moccasin
  2885 | Sewer    | Reached skill level 5 in Stealth
  2885 | Sewer    | Reached XP level 6. HP: 27/28 MP: 11/15
  3521 | D:4      | Reached * piety under Dithmenos
  3708 | D:4      | Found an iron altar of Okawaru.
  3982 | D:4      | Found a burning altar of Makhleb.
  4001 | D:4      | Found a hazy altar of Hepliaklqana.
  4456 | D:5      | Entered Level 5 of the Dungeon
  4488 | D:5      | Found a sparkling altar of Nemelex Xobeh.
  4494 | D:5      | Reached skill level 6 in Stealth
  4707 | D:5      | Noticed a water moccasin
  4725 | D:5      | Killed a water moccasin
  4726 | D:5      | Reached XP level 7. HP: 27/32 MP: 15/17
  4791 | D:5      | Reached skill level 7 in Stealth
  5289 | D:5      | Found a stormy altar of Qazlal.
  5550 | D:5      | Noticed Blork the orc
  5929 | D:5      | Found a white marble altar of Elyvilon.
  6156 | D:5      | Killed Blork the orc
  6157 | D:5      | Reached skill level 8 in Stealth
  6218 | D:5      | Found a shimmering blue altar of Sif Muna.
  6292 | D:5      | Reached XP level 8. HP: 13/36 MP: 6/20
  6701 | D:6      | Reached skill level 9 in Stealth
  6983 | D:6      | Reached ** piety under Dithmenos
  7515 | D:7      | Found Nuap's Armour Emporium.
  7734 | D:7      | Reached skill level 10 in Stealth
  7813 | D:7      | Found Hief Vyiska's Armour Shoppe.
  7834 | D:7      | Found a staircase to the Ecumenical Temple.
  7849 | Temple   | Entered the Ecumenical Temple
  8011 | D:7      | Found Roam's General Store.
  8067 | D:7      | Found Ecophim's Weapon Emporium.
  8157 | D:8      | Found Gafuluv's Weapon Shoppe.
  8160 | D:8      | Found Raforhil's General Store.
  8188 | D:8      | Found an ornate altar of the Wu Jian Council.
  8206 | D:8      | Noticed Joseph
  8222 | D:8      | Killed Joseph
  8223 | D:8      | Reached XP level 9. HP: 15/39 MP: 16/23
  8455 | D:8      | Noticed a centaur warrior
  8470 | D:8      | Killed a centaur warrior
  8471 | D:8      | Reached skill level 11 in Stealth
  8471 | D:8      | Reached skill level 10 in Hexes
  8732 | D:8      | Found a bloodstained altar of Trog.
  8738 | D:8      | Reached skill level 10 in Spellcasting
  8879 | D:8      | Reached skill level 12 in Stealth
  9608 | D:9      | Found a staircase to the Orcish Mines.
  9618 | D:9      | Noticed a kobold demonologist
  9739 | D:9      | Reached XP level 10. HP: 11/44 MP: 17/25
  9742 | D:9      | Reached *** piety under Dithmenos
  9743 | D:9      | Reached skill level 1 in Fighting
  9971 | D:9      | Found a broken altar of Ashenzari.
 10206 | D:9      | Found a runed translucent gate.
 10206 | D:9      | Found a runed translucent gate.
 10208 | D:9      | Found a runed translucent gate.
 10328 | D:9      | Noticed GenialerGandalf's ghost (novice HOFi)
 10413 | D:9      | Found a snail-covered altar of Cheibriados.
 10786 | D:9      | Found a viscous altar of Jiyva.
 10817 | D:10     | Entered Level 10 of the Dungeon
 10850 | D:10     | Reached skill level 13 in Stealth
 11144 | D:10     | Reached skill level 5 in Dodging
 11491 | D:10     | Noticed a two-headed ogre
 11496 | D:10     | Killed a two-headed ogre
 11683 | D:10     | Reached **** piety under Dithmenos
 11696 | D:10     | Reached XP level 11. HP: 52/52 MP: 24/27
 11708 | D:10     | Learned a level 5 spell: Summon Mana Viper
 11804 | D:10     | Noticed a boulder beetle
 11804 | D:10     | Noticed a green ugly thing
 11810 | D:10     | Killed a green ugly thing
 11811 | D:10     | Reached skill level 1 in Summonings
 11812 | D:10     | Killed a boulder beetle
 11813 | D:10     | Noticed a cyan ugly thing
 11813 | D:10     | Noticed a fire dragon
 11815 | D:10     | Killed a cyan ugly thing
 11821 | D:10     | Killed a fire dragon
 11909 | D:10     | Noticed an orc knight
 11915 | D:10     | Killed an orc knight
 11916 | D:10     | Reached skill level 5 in Summonings
 11946 | D:10     | Noticed a tengu warrior
 11953 | D:10     | Killed a tengu warrior
 12192 | D:11     | You fall into a shaft and drop 3 floors!
 12256 | D:13     | Noticed a centaur warrior
 12263 | D:13     | Killed a centaur warrior
 12264 | D:13     | Reached skill level 14 in Stealth
 12472 | D:13     | Noticed a four-headed hydra
 12480 | D:13     | Killed a four-headed hydra
 12481 | D:13     | Reached skill level 5 in Short Blades
 12502 | D:11     | Found Lexuaff's Weapon Emporium.
 12533 | D:11     | Noticed Maurice
 12541 | D:11     | Killed Maurice
 12892 | D:11     | Found Acih's Weapon Shoppe.
 12914 | D:11     | Found a staircase to the Lair.
 12951 | D:11     | Reached XP level 12. HP: 58/58 MP: 28/28
 13485 | D:11     | Found a transporter.
 13602 | D:11     | Found a transporter.
 13721 | D:11     | HP: 1/58 [tengu warrior zombie (2)]
 13734 | D:11     | HP: 4/87 [poisoned by a two-headed ogre zombie]
 14156 | D:12     | Noticed Frances
 14167 | D:12     | Killed Frances
 14286 | D:12     | Noticed Fannar
 14305 | D:12     | Killed Fannar
 14759 | D:12     | Noticed Snorg
 14840 | D:12     | Killed Snorg
 14967 | D:12     | Found a shimmering altar of Xom.
 14968 | D:12     | Found a shimmering altar of Xom.
 14968 | D:12     | Found a shimmering altar of Xom.
 14984 | D:12     | Found a shimmering altar of Xom.
 14985 | D:12     | Found a shimmering altar of Xom.
 14986 | D:12     | Found a shimmering altar of Xom.
 14986 | D:12     | Found a shimmering altar of Xom.
 14987 | D:12     | Found a shimmering altar of Xom.
 14987 | D:12     | Found a shimmering altar of Xom.
 15148 | D:12     | Reached skill level 1 in Armour
 15172 | D:12     | Reached ***** piety under Dithmenos
 16052 | D:13     | Noticed a centaur warrior
 16052 | D:13     | Noticed a six-headed hydra
 16055 | D:13     | Killed a six-headed hydra
 16060 | D:13     | Killed a centaur warrior
 16105 | D:13     | Noticed a centaur warrior
 16114 | D:13     | Killed a centaur warrior
 16212 | D:13     | Noticed a tengu warrior
 16215 | D:13     | Killed a tengu warrior
 16216 | D:13     | Reached skill level 5 in Armour
 16828 | D:14     | Reached XP level 13. HP: 63/63 MP: 24/30
 17216 | D:14     | Noticed Nessos
 17223 | D:14     | Killed Nessos
 17384 | D:14     | Reached skill level 15 in Stealth
 17877 | D:14     | Reached skill level 5 in Fighting
 17996 | D:14     | Found a gate to the Vaults.
 18214 | Lair:1   | Entered Level 1 of the Lair of Beasts
 18253 | Lair:1   | Found a large runed translucent door.
 18253 | Lair:1   | Found a large runed translucent door.
 18254 | Lair:1   | Noticed tape's ghost (journeyman VSWr)
 19211 | Lair:2   | Noticed Gastronok
 19240 | Lair:2   | Killed Gastronok
 19241 | Lair:2   | Reached XP level 14. HP: 68/68 MP: 25/31
 19497 | Lair:2   | Reached skill level 16 in Stealth
 19563 | Lair:2   | Noticed Sonja
 19565 | Lair:2   | Noticed Erica
 19570 | Lair:2   | Killed Sonja
 19574 | Lair:2   | Killed Erica
 19978 | Lair:3   | Found a staircase to the Swamp.
 20045 | Lair:3   | Reached ****** piety under Dithmenos
 20562 | Lair:3   | Reached skill level 10 in Dodging
 20933 | Lair:3   | Got Hiusez's Reference Book on Dusty Cold
 21133 | Lair:4   | Noticed Urug
 21145 | Lair:4   | Killed Urug
 21347 | Lair:4   | Found a staircase to the Snake Pit.
 21528 | Lair:4   | You fall into a shaft and drop 2 floors!
 21528 | Lair:6   | Entered Level 6 of the Lair of Beasts
 21755 | Lair:6   | Found a staircase to the Slime Pits.
 21913 | Lair:6   | Reached skill level 17 in Stealth
 22769 | Lair:5   | Reached XP level 15. HP: 70/74 MP: 29/34
 23075 | Lair:5   | Gained mutation: Your magical capacity is low. (-10% MP)
                  | [potion of mutation]
 23075 | Lair:5   | Gained mutation: Your flesh is cold resistant. (rC+)
                  | [potion of mutation]
 23075 | Lair:5   | Gained mutation: You expend magic power (3 MP) to
                  | strengthen your wands. [potion of mutation]
 24754 | Orc:1    | Entered Level 1 of the Orcish Mines
 25144 | Orc:2    | Entered Level 2 of the Orcish Mines
 25155 | Orc:2    | Found Arphif's Book Shop.
 25601 | Orc:2    | Noticed an orc warlord
 25601 | Orc:2    | Found Gausuisi's Antique Armour Boutique.
 25891 | Orc:2    | Reached skill level 18 in Stealth
 25905 | Orc:2    | Killed an orc warlord
 25956 | Orc:2    | Found Ytheoro's General Store.
 25964 | Orc:2    | Bought a potion of resistance for 110 gold pieces
 25964 | Orc:2    | Bought a scroll of immolation for 38 gold pieces
 25964 | Orc:2    | Bought a scroll of teleportation for 33 gold pieces
 25964 | Orc:2    | Bought a potion of brilliance for 44 gold pieces
 25974 | Orc:2    | Found Toemofa's Jewellery Emporium.
 26097 | Orc:2    | Found Veguc's Antique Weapon Shop.
 26308 | Orc:2    | Found a staircase to the Elven Halls.
 26366 | Orc:2    | Noticed an orc warlord
 26634 | Orc:1    | Killed an orc warlord
 26635 | Orc:1    | Reached skill level 10 in Short Blades
 27381 | D:15     | Entered Level 15 of the Dungeon
 27443 | D:15     | Noticed Kirke
 27449 | D:15     | Found Miexzum's Distillery.
 27454 | D:15     | Bought a potion of ambrosia for 96 gold pieces
 27454 | D:15     | Bought a potion of curing for 36 gold pieces
 27454 | D:15     | Bought a potion of haste for 120 gold pieces
 27454 | D:15     | Bought a potion of heal wounds for 60 gold pieces
 27454 | D:15     | Bought a potion of mutation for 96 gold pieces
 27454 | D:15     | Bought a potion of haste for 120 gold pieces
 27454 | D:15     | Bought a potion of curing for 36 gold pieces
 27454 | D:15     | Lost mutation: Your flesh is cold resistant. (rC+) [potion
                  | of mutation]
 27454 | D:15     | Lost mutation: You expend magic power (3 MP) to strengthen
                  | your wands. [potion of mutation]
 27454 | D:15     | Gained mutation: You are partially covered in iridescent
                  | scales. (AC +2) [potion of mutation]
 27525 | D:15     | Reached skill level 15 in Hexes
 27706 | D:15     | Found Tun Gyly's General Store.
 27707 | D:15     | Found Ebum's Assorted Antiques.
 27715 | D:15     | Bought a scroll of magic mapping for 56 gold pieces
 27715 | D:15     | Bought a potion of invisibility for 128 gold pieces
 27730 | D:15     | Identified the +1 leather armour of Panentheism {Int+6}
 27738 | D:15     | Bought a potion of invisibility for 296 gold pieces
 27738 | D:15     | Bought a scroll of immolation for 129 gold pieces
 27751 | D:15     | Found Mosit's Antique Weapon Shoppe.
 27894 | D:15     | Learned a level 8 spell: Discord
 27973 | D:15     | Found a staircase to the Depths.
 27982 | D:15     | Reached skill level 15 in Spellcasting
 28051 | D:15     | Killed Kirke
 28467 | Lair:1   | Reached XP level 16. HP: 81/81 MP: 24/32
 28648 | Snake:1  | Entered Level 1 of the Snake Pit
 28704 | Snake:1  | Found Tatteid's General Store.
 28771 | Snake:1  | Found Jiot Pep's Distillery.
 28790 | Snake:1  | Bought a potion of heal wounds for 55 gold pieces
 28790 | Snake:1  | Bought a potion of might for 44 gold pieces
 28790 | Snake:1  | Bought a potion of haste for 110 gold pieces
 28790 | Snake:1  | Bought 2 potions of haste for 220 gold pieces
 28790 | Snake:1  | Bought 2 potions of curing for 66 gold pieces
 28819 | Snake:1  | Learned a level 2 spell: Passwall
 28878 | Snake:1  | Found Epru's Magic Scroll Emporium.
 28887 | Snake:1  | Bought a scroll of summoning for 133 gold pieces
 28887 | Snake:1  | Bought a scroll of blinking for 105 gold pieces
 28887 | Snake:1  | Bought a scroll of fog for 28 gold pieces
 28887 | Snake:1  | Bought a scroll of teleportation for 42 gold pieces
 28887 | Snake:1  | Bought a scroll of fear for 49 gold pieces
 28890 | Snake:1  | Learned a level 2 spell: Blink
 28896 | Snake:1  | Learned a level 5 spell: Summon Forest
 28915 | Snake:1  | Found Kussu Conge's Distillery.
 28923 | Snake:1  | Bought a potion of curing for 39 gold pieces
 28923 | Snake:1  | Bought a potion of haste for 130 gold pieces
 28923 | Snake:1  | Bought 2 potions of flight for 78 gold pieces
 28923 | Snake:1  | Bought a potion of mutation for 104 gold pieces
 28923 | Snake:1  | Lost mutation: You are partially covered in iridescent
                  | scales. (AC +2) [potion of mutation]
 28923 | Snake:1  | Lost mutation: Your magical capacity is low. (-10% MP)
                  | [potion of mutation]
 28923 | Snake:1  | Gained mutation: You expend magic power (3 MP) to
                  | strengthen your wands. [potion of mutation]
 28923 | Snake:1  | Gained mutation: You are partially covered in iridescent
                  | scales. (AC +2) [potion of mutation]
 28923 | Snake:1  | Gained mutation: You have large cloven feet. [potion of
                  | mutation]
 28923 | Snake:1  | Gained mutation: You have a somewhat thin skeletal
                  | structure. (Dex +2, Stealth+) [potion of mutation]
 29094 | Snake:1  | Found Radop's Jewellery Shop.
 29096 | Snake:1  | Found Huucim's Weapon Boutique.
 29101 | Snake:1  | Found Sylamn's General Store.
 29102 | Snake:1  | Found Muruss's Assorted Antiques.
 29438 | Snake:1  | Bought a potion of curing for 54 gold pieces
 29438 | Snake:1  | Bought a scroll of immolation for 63 gold pieces
 30106 | Snake:3  | Reached skill level 19 in Stealth
 30930 | Snake:3  | Noticed Mlioglotl
 30947 | Snake:3  | Noticed a tentacled starspawn
 30958 | Snake:3  | Killed Mlioglotl
 31729 | Snake:4  | Entered Level 4 of the Snake Pit
 31848 | Swamp:1  | Entered Level 1 of the Swamp
 31872 | Swamp:1  | Noticed Jorgrun
 31874 | Swamp:1  | Killed Jorgrun
 32015 | Swamp:1  | Noticed Donald
 32226 | Swamp:1  | Reached XP level 17. HP: 71/87 MP: 35/38
 32237 | Swamp:1  | Slain by a bunyip

Illustrated notes

Levels and vault maps discovered:
D:1:      dpeg_arrival_round_b, layout_basic, serial_curves, eino_curves_04,
          eino_curves_04
D:2:      mumra_celtic_spiral_tile, layout_loops_ring,
          chequers_ecumenical_altar_twisty, guppyfry_early_orc_mine
D:3:      layout_rooms, mainiacjoe_overflow_24_doors, portal_sewer_entry_b,
          serial_rivers, chequers_serial_rivers_marsh,
          chequers_serial_rivers_large_b, chequers_serial_rivers_micro_d,
          chequers_serial_rivers_marsh, chequers_serial_rivers_room_b,
          chequers_serial_rivers_micro_a
D:4:      layout_basic, nzn_hepliaklqana_mist_gate, okawaru_ov_weapons_minmay,
          old_standard_altar
D:5:      layout_basic, nicolae_elyvilon_temple_path, tgw_sif,
          nicolae_qazlal_eye_of_the_storm,
          mainiacjoe_overflow_concentric_impassable
D:6:      layout_loops_ring, grunt_ministairs_14
D:7:      layout_basic, minmay_temple_entry_ruins, serial_shops,
          kennysheep_mini, nicolae_shop_bloodbath_and_beyond,
          nicolae_shop_crystal, shop, kennysheep_nondescript
D:8:      layout_basic, nicolae_wu_jian_immortal_techniques,
          mainiacjoe_overflow_tiny_flanked, nicolae_wooded_promenade,
          uniq_joseph
D:9:      layout_basic, kennysheep_slug_shrine,
          mainiacjoe_overflow_cross_hatched, orc_0_dummy, gammafunk_ghost_ooze,
          grunt_ministairs_14
D:10:     layout_basic, st_stairs_14, minmay_the_grid_2x2
          [minmay_the_grid_paths, minmay_the_grid_aliased_spiral,
          minmay_the_grid_armoury, minmay_the_grid_prize_inner_circle]
D:11:     gammafunk_cloud_chamber, layout_basic, lair_entry_dummy, serial_shops,
          shop_coins, kennysheep_windowed_goal, uniq_maurice
D:12:     layout_grid_maze, xom_shifter_show, uniq_frances, uniq_snorg,
          uniq_fannar
D:13:     layout_layer_cave, kennysheep_generic_room_7
D:14:     layout_basic, erik_vaults_2, uniq_nessos
D:15:     hangedman_depths_entry_try_elsewhere_first, layout_loops_ring,
          minmay_misc_feat_chi, serial_shops, nicolae_shop_behind_doors,
          nicolae_lakefront_shop, shop, shop, palyth_stone_intersect, uniq_kirke
Temple:   cyrus_temple_forest
Lair:1:   layout_regular_city, ebering_ghost_disaster_area
Lair:2:   layout_long_grid, uniq_gastronok, uniq_sonja, uniq_erica
Lair:3:   dragon1_lemuel, layout_gridlike, minmay_swamp_entry_reptiles,
          infiniplex_staircase_pool_2
Lair:4:   layout_gridlike, minmay_snake_entry_six_corridors,
          grunt_forest_large_clearings, uniq_urug
Lair:5:   layout_cave_pods, grunt_megastairs_2, infiniplex_staircase_pool
Lair:6:   guppyfry_lair_end_dragon, layout_gridlike,
          minmay_slime_entry_oklob_enclosed
Swamp:1:  layout_basic_swamp, evilmike_swamp_ruin_house_5,
          nicolae_swamp_snake_nest, uniq_donald, uniq_jorgrun
Snake:1:  layout_misc_corridors, serial_shops, nicolae_take_the_stairs,
          nicolae_shop_waterfront, shop_fountains, nicolae_square_shop,
          nicolae_snake_serpentine_bazaar, serial_bayou_shore_b
Snake:2:  layout_misc_corridors, nicolae_snake_guarding_the_ruins
Snake:3:  layout_basic, lemuel_fruit_tree, grunt_megastairs_4, uniq_mlioglotl
Snake:4:  snake_pit, layout_misc_corridors, minmay_shoptagon
Orc:1:    layout_diamond_mine
Orc:2:    grunt_orc_gardens, layout_caves, grunt_orc_garden, grunt_orc_garden,
          grunt_orc_garden, grunt_orc_garden, serial_shops, nicolae_shop_trees

Skill      XL: |  1  2  3  4  5  6  7  8  9 10 11 12 13 14 15 16 |
---------------+-------------------------------------------------+-----
Spellcasting   | 3 4 5 6 7 9 10 11 12 14 15 16 | 16.0
Hexes          | 4 5 6 7 9 10 11 12 13 14 15 16 | 16.1
Stealth        | 5 6 8 10 12 13 14 15 17 18 19 | 19.7
Dodging        | 3 5 7 9 11 12 14 | 14.0
Fighting       | 3 4 5 6 7 9 |  9.0
Short Blades   | 4 5 6 7 9 10 11 | 11.7
Summonings     | 5 6 |  6.0
Armour         | 6 8 |  8.0

Action                   |  1- 3 |  4- 6 |  7- 9 | 10-12 | 13-15 | 16-18 || total
-------------------------+-------+-------+-------+-------+-------+-------++-------
Melee: Dagger            |    62 |       |       |       |       |       ||    62
       Rapier            |    40 |    78 |   143 |   295 |  1006 |   313 ||  1875
       Kick              |       |       |       |       |       |    84 ||    84
Throw: Dart              |       |       |       |       |     1 |       ||     1
 Cast: Ensorcelled Hiber |     3 |     8 |    17 |    58 |    91 |    41 ||   218
       Tukima's Dance    |       |     2 |    11 |     5 |    56 |    22 ||    96
       Dazzling Flash    |       |       |     1 |     3 |    16 |     9 ||    29
       Summon Mana Viper |       |       |       |       |    44 |    18 ||    62
Invok: Shadow Step       |       |       |       |     1 |     3 |     3 ||     7
Evoke: Wand              |       |       |     4 |     3 |    19 |     6 ||    32
       Tin of tremorston |       |       |       |       |     3 |     2 ||     5
       Condenser vane    |       |       |       |       |       |     2 ||     2
  Use: Scroll            |     6 |     6 |     9 |     7 |     9 |     9 ||    46
       Potion            |       |     3 |     7 |    11 |     8 |     4 ||    33
 Stab: Sleeping          |    15 |    13 |    32 |    93 |   118 |    59 ||   330
       Distracted        |       |       |     1 |     1 |    17 |     4 ||    23
       Invisible         |       |       |     1 |     1 |     4 |     6 ||    12
       Confused          |       |       |       |       |       |     1 ||     1
Armor: Robe              |     6 |    16 |    24 |    32 |       |       ||    78
       Troll leather arm |       |       |       |    19 |   120 |    30 ||   169
Dodge: Dodged            |    72 |    73 |   157 |   402 |  1229 |   403 ||  2336

Table legend: (Time is in decaauts)
 A = Elapsed time spent in this place.
 B = Non-inter-level travel time spent in this place.
 C = Inter-level travel time spent in this place.
 D = Time resting spent in this place.
 E = Time spent auto-exploring this place.
 F = Levels seen in this place.
 G = Mean time per level.
                   A        B        C        D        E       F      G
               +--------+--------+--------+--------+--------+-----+--------+
         Total |  24039 |  22808 |   1231 |   2862 |  14756 |  30 |  801.3 |
       Dungeon |  14725 |  14003 |    722 |   1544 |  10003 |  15 |  981.7 |
        Temple |      1 |      1 |      0 |      0 |      0 |   1 |    1.0 |
          Lair |   4936 |   4647 |    289 |    584 |   2615 |   6 |  822.7 |
         Swamp |    163 |    163 |      0 |      0 |     38 |   1 |  163.0 |
     Snake Pit |   2270 |   2164 |    106 |    255 |   1249 |   4 |  567.5 |
  Orcish Mines |   1855 |   1744 |    111 |    478 |    793 |   2 |  927.5 |
         Sewer |     85 |     85 |      0 |      0 |     56 |   1 |   85.0 |
               +--------+--------+--------+--------+--------+-----+--------+

Top non-repeatable levels by time:
     D:5: 1706 daAuts
    D:11: 1388 daAuts
    D:12: 1318 daAuts
 Snake:3: 1280 daAuts
    D:10: 1170 daAuts
     D:8: 1151 daAuts
    D:13: 1060 daAuts
     D:2: 1059 daAuts
  Lair:6: 1021 daAuts
   Orc:1: 989 daAuts
     D:9: 988 daAuts
  Lair:2: 957 daAuts
    D:14: 944 daAuts
  Lair:4: 941 daAuts
     D:1: 934 daAuts
